 Dungeon Crawl Stone Soup version 0.25.0-1-g7eea58d (webtiles) character file.

Game seed: 16097400942261496913

1135 ItisI the Chucker (level 8, -14/75 HPs)
             Began as a Troll Hunter on June 28, 2020.
             Demolished by a large slime creature (35 damage)
             ... on level 5 of the Dungeon.
             The game lasted 01:10:52 (4621 turns).

ItisI the Chucker (Troll Hunter)                    Turns: 4621, Time: 01:10:52

Health: -14/75     AC:  5    Str: 21    XL:     8   Next: 14%
Magic:  7/7        EV:  8    Int:  8    God:
Gold:   305        SH:  8    Dex: 11    Spells: 7/7 levels left

rFire    + . .     SeeInvis .   n - +3 dagger
rCold    . . .     Gourm    +   i - +0 kite shield
rNeg     . . .     Faith    .   e - +1 robe {rF+}
rPois    .         Spirit   .   l - +1 hat
rElec    .         Reflect  .   q - +0 cloak
rCorr    .         Harm     .   (gloves unavailable)
MR       .....                  (boots unavailable)
Stlth    +.........             (no amulet)
HPRegen  0.62/turn              j - ring of flight
MPRegen  0.10/turn              (no ring)

@: corroded
A: large, unfitting armour, claws 3, fast metabolism 3, gourmand, regeneration
1, shaggy fur 1, tough skin 3
a: Evoke Flight


You were on level 5 of the Dungeon.
You were very full.

You visited 1 branch of the dungeon, and saw 5 of its levels.

You collected 305 gold pieces.

Inventory:

Hand Weapons
 b - a +0 spear
 n - a +3 dagger (weapon)
Missiles
 c - 5 large rocks
 d - 3 throwing nets
 g - 68 stones (quivered)
 m - 6 boomerangs
 u - 23 poisoned darts
Armour
 e - a +1 robe of fire resistance (worn)
 i - a +0 kite shield (worn)
 l - a +1 hat (worn)
 q - a +0 cloak (worn)
Jewellery
 j - a ring of flight (left claw)
Wands
 p - a wand of digging (5)
Scrolls
 a - 3 scrolls of remove curse
 h - 2 scrolls of magic mapping
 o - 2 scrolls of teleportation
 r - a scroll of blinking
 t - a scroll of amnesia
 w - 2 scrolls of identify
Potions
 k - 2 potions of ambrosia
 s - a potion of brilliance
Comestibles
 f - 10 rations


   Skills:
 * Level 3.4 Fighting
 * Level 4.1 Short Blades
 - Level 0.4 Polearms
 + Level 5.7 Throwing
 + Level 3.5 Dodging
 - Level 0.3 Stealth
 * Level 1.3 Shields
 + Level 2.2 Unarmed Combat


You had 7 spell levels left.
You didn't know any spells.
Your spell library was empty.

Dungeon Overview and Level Annotations

Branches:
Dungeon (5/15)
 Temple: D:4-7

Altars:

Shops:
D:4 %   D:5 *


Innate Abilities, Weirdness & Mutations

You are too large for most types of armour.
You have claws for hands.
Your metabolism is lightning-fast.
You like to eat raw meat.
Your natural rate of healing is unusually fast.
You are covered in fur. (AC +1)
You have extremely tough skin. (AC +3)


Message History

The ooze is severely wounded.
The ooze hits you.
You hit the ooze.
You kill the ooze!
You hit the ooze.
The ooze is moderately wounded.
You hit the large slime creature.
The large slime creature is lightly wounded.
You hit the large slime creature.
The large slime creature is lightly wounded.
You block the large slime creature's attack.
You hit the large slime creature but do no damage.
The large slime creature is lightly wounded.
The large slime creature hits you!!
* * * LOW HITPOINT WARNING * * *
The ooze jiggles.
You barely miss the large slime creature.
The large slime creature is lightly wounded.
The large slime creature hits you!!
You die...

#....##################.......
#.#### ### #..#.... #.#
#######.##.....?##..#....
#)####....#.#.#.JP.PP##.##....
#.(##.....#.#)#......##..)....
#..'......#'#.#..PP.P######...
#..'........#.#JJ....# #...
##.'........#.#...JPJ# #...
#.##.......#@#....÷.# #...
#####......##JJJ..P.# ####
##########J÷....# #... #######
#... #... #... #... ####


You could see a large slime creature, a jelly and 2 oozes.

Vanquished Creatures
  A water moccasin (D:4)
  2 phantoms (D:5)
  An ogre (D:4)
  3 big kobolds (D:5)
  A crimson imp (D:5)
  A jelly (D:5)
  3 hounds
  An orc priest (D:4)
  Ijyb (D:4)
  2 orc wizards
  2 iguanas (D:5)
  3 worker ants
  A gnoll (D:1)
  2 adders (D:3)
  A shadow imp (D:5)
  3 oozes
  An adder zombie (D:5)
  2 worms (D:3)
  3 dart slugs (D:1)
  3 leopard geckos
  8 orcs
  2 ball pythons
  4 giant cockroaches
  4 hobgoblins
  4 jackals (D:2)
  7 kobolds
  4 quokkas
  13 bats
  5 frilled lizards
  16 goblins
  A leopard gecko zombie (D:4)
  5 rats
110 creatures vanquished.

Vanquished Creatures (others)
  An orc wizard (D:5)
  A fungus (D:5)
  6 toadstools (D:5)
8 creatures vanquished.

Grand Total: 118 creatures vanquished

Notes
Turn   | Place    | Note
-------+----------+-------------------------------------------
     0 | D:1      | ItisI the Troll Hunter began the quest for the Orb.
     0 | D:1      | Reached XP level 1. HP: 19/19 MP: 0/0
     2 | D:1      | Noticed a draconian
     2 | D:1      | Noticed a vine stalker
     4 | D:1      | Noticed a felid
     4 | D:1      | Noticed a dwarf
     6 | D:1      | Noticed a gargoyle
     6 | D:1      | Noticed a human
     8 | D:1      | Noticed a demigod
     8 | D:1      | Noticed a tengu
    10 | D:1      | Noticed an octopode
    12 | D:1      | Noticed a merfolk
    12 | D:1      | Noticed a formicid
    14 | D:1      | Noticed a halfling
    14 | D:1      | Noticed a centaur
    16 | D:1      | Noticed an ogre
    18 | D:1      | Noticed a naga
    18 | D:1      | Noticed a minotaur
    20 | D:1      | Noticed an elf
    20 | D:1      | Noticed a vampire
    22 | D:1      | Noticed a troll
    22 | D:1      | Noticed a spriggan
    27 | D:1      | Noticed a ghoul
    27 | D:1      | Noticed a demonspawn
   181 | D:1      | You fall into a shaft and drop 1 floor!
   186 | D:2      | Reached skill level 4 in Throwing
   205 | D:2      | Reached XP level 2. HP: 27/27 MP: 1/1
   573 | D:1      | Reached XP level 3. HP: 28/35 MP: 2/2
  1618 | D:3      | Reached XP level 4. HP: 38/42 MP: 3/3
  1654 | D:3      | Reached skill level 1 in Unarmed Combat
  1911 | D:3      | Reached skill level 1 in Short Blades
  2478 | D:4      | Noticed an ogre
  2493 | D:4      | Killed an ogre
  2493 | D:4      | Reached XP level 5. HP: 22/50 MP: 4/4
  2634 | D:4      | Reached XP level 6. HP: 26/59 MP: 5/5
  2694 | D:4      | You fall into a shaft and drop 1 floor!
  2694 | D:5      | Entered Level 5 of the Dungeon
  2915 | D:5      | Noticed a sky beast
  3179 | D:4      | Reached skill level 5 in Throwing
  3278 | D:4      | Noticed Ijyb
  3309 | D:4      | Killed Ijyb
  3309 | D:4      | Reached XP level 7. HP: 64/66 MP: 6/6
  3478 | D:4      | Found Cops's Food Shoppe.
  4128 | D:5      | Found Nuym's Assorted Antiques.
  4475 | D:5      | Reached skill level 1 in Shields
  4500 | D:5      | Reached XP level 8. HP: 72/75 MP: 7/7
  4594 | D:5      | Noticed a slime creature
  4594 | D:5      | Noticed a slime creature
  4621 | D:5      | Demolished by a large slime creature

Illustrated notes

Levels and vault maps discovered:
D:1:      kb_arrival_jail, layout_rooms
D:2:      layout_loops_corners
D:3:      layout_loops_cross, minivault_14
D:4:      kennysheep_the_goblin_king, layout_loops_ring, serial_shops,
          kennysheep_mini, first_ration, grunt_tough_drop, uniq_ijyb
D:5:      cheibrodos_fertilizer, layout_basic, serial_shops, shop_fountains

Skill      XL: |  1  2  3  4  5  6  7  8 |
---------------+-------------------------+-----
Throwing       | 4 5 |  5.7
Dodging        | 2 3 |  3.5
Fighting       | 2 3 |  3.4
Unarmed Combat | 1 2 |  2.2
Short Blades   | 1 2 3 4 |  4.1
Shields        | 1 |  1.3
Polearms       | |  0.4
Stealth        | |  0.3

Action                   |  1- 3 |  4- 6 |  7- 9 || total
-------------------------+-------+-------+-------++-------
Melee: Short sword       |    92 |       |       ||    92
       Spear             |    92 |    37 |       ||   129
       Dagger            |       |   196 |   186 ||   382
       Punch             |       |     2 |     1 ||     3
Throw: Large rock        |     2 |       |       ||     2
       Stone             |    49 |   115 |    93 ||   257
  Use: Scroll            |     6 |     4 |     3 ||    13
       Potion            |       |     3 |       ||     3
 Stab: Distracted        |       |     1 |       ||     1
  Eat: Chunk             |    20 |    16 |    12 ||    48
Armor: Robe              |    82 |    65 |    44 ||   191
       Skin              |       |    17 |       ||    17
Dodge: Dodged            |   105 |    79 |    36 ||   220
Block: Kite shield       |       |       |    28 ||    28
